 Dungeon Crawl Stone Soup version 0.23.2-40-g277498a001 (webtiles) character file.

Game seed: 11773413024707179300

84 Hylith the Changer (level 4, -1/37 HPs)
             Began as a Draconian Transmuter on Sept 23, 2019.
             Slain by a worm (9 damage)
             ... on level 2 of the Dungeon.
             The game lasted 00:04:43 (1881 turns).

Hylith the Changer (Draconian Transmuter)           Turns: 1881, Time: 00:04:44

Health: -1/37      AC:  5    Str: 12    XL:     4   Next: 24%
Magic:  7/7        EV: 12    Int: 15    God:
Gold:   66         SH:  0    Dex: 11    Spells: 7/8 levels left

rFire    . . .     SeeInvis .     - Unarmed
rCold    . . .     Gourm    .   (no shield)
rNeg     . . .     Faith    .   (armour unavailable)
rPois    .         Spirit   .   (helmet restricted)
rElec    .         Reflect  .   (no cloak)
rCorr    .         Harm     .   (no gloves)
MR       .....                  (no boots)
Stlth    +.........             (no amulet)
HPRegen  0.12/turn              (no ring)
MPRegen  0.10/turn              (no ring)

@: no status effects
A: unfitting armour, cold-blooded, AC +5
a: no special abilities


You were on level 2 of the Dungeon.
You were not hungry.

You visited 1 branch of the dungeon, and saw 3 of its levels.

You collected 66 gold pieces.

Inventory:

Missiles
 a - 25 arrows
Armour
 n - a +2 robe
Wands
 l - a wand of flame (15)
Scrolls
 e - 2 scrolls of identify {unknown}
 j - a scroll of remove curse {unknown}
Potions
 b - 2 potions of flight {unknown}
 d - 3 potions of curing {unknown}
 f - a potion of mutation {unknown}
 g - 2 potions of lignification {unknown}
 h - a potion of haste {unknown}
 i - 2 potions of brilliance {unknown}
 m - a potion of magic {unknown}
Comestibles
 c - a ration
 k - 4 chunks of flesh


   Skills:
 + Level 2.7 Fighting
 + Level 2.0 Dodging
 - Level 3.0 Unarmed Combat
 + Level 2.5 Spellcasting
 * Level 3.1 Transmutations


You had 7 spell levels left.
You knew the following spells:

 Your Spells              Type           Power        Failure   Level  Hunger
a - Beastly Appendage     Tmut           ##....       5%          1    #......

Your spell library contained the following spells:

 Spells                   Type           Power        Failure   Level  Hunger
 Sticks to Snakes         Tmut           ##......     9%          2    ###....
 Spider Form              Tmut/Pois      #.........   32%         3    ###....
 Ice Form                 Ice/Tmut       #.......     73%         4    #####..
 Blade Hands              Tmut           ##........   83%         5    ######.


Dungeon Overview and Level Annotations

Branches:
Dungeon (3/15)

Altars:
Qazlal


Innate Abilities, Weirdness & Mutations

Your plain brown scales are hard. (AC +5)
You cannot fit into any form of body armour.
You are cold-blooded and may be slowed by cold attacks.


Message History

The worm bites you.
You barely miss the worm.
The worm is heavily wounded.
You hit the worm. Your headbutt misses the worm.
The worm is almost dead.
The worm bites you.
* * * LOW HITPOINT WARNING * * *
You barely miss the worm. You headbutt the worm.
Your tail-slap misses the worm.
The worm is almost dead.
You hit the worm.
The worm is almost dead.
The worm closely misses you.
You hit the worm but do no damage.
The worm is almost dead.
Your horns disappear.
You hit the worm but do no damage.
The worm is almost dead.
The worm bites you!
You die... ####### #.PPPP#

#P$$$P# #
.P$$$.#(#
...#####P$$$P.<.
#....w@PPPPP$.#
#######..##.##
#.## #.# #.###
##### #...#
##...## ###.#
##.....## #.#
#####...[...#
#.#


You could see a worm.

Vanquished Creatures
  Jessica (D:3)
  An adder (D:2)
  4 worms (D:2)
  A leopard gecko (D:2)
  4 bats
  5 giant cockroaches (D:1)
  5 goblins
  4 hobgoblins
  A quokka (D:3)
  5 frilled lizards
  2 kobolds (D:2)
  2 rats
35 creatures vanquished.

Vanquished Creatures (others)
  2 toadstools (D:2)
2 creatures vanquished.

Grand Total: 37 creatures vanquished

Notes
Turn   | Place    | Note
-------+----------+-------------------------------------------
     0 | D:1      | Hylith the Draconian Transmuter began the quest for the
                  | Orb.
     0 | D:1      | Reached XP level 1. HP: 16/16 MP: 3/3
   226 | D:1      | Reached XP level 2. HP: 20/24 MP: 5/5
  1211 | D:2      | You fall through a shaft!
  1259 | D:3      | Noticed Jessica
  1272 | D:3      | Killed Jessica
  1272 | D:3      | Reached XP level 3. HP: 5/30 MP: 4/6
  1741 | D:2      | Found a stormy altar of Qazlal.
  1745 | D:2      | Reached XP level 4. HP: 37/37 MP: 5/7
  1881 | D:2      | Slain by a worm

Skill      XL: |  1  2  3 |
---------------+----------+-----
Dodging        | 2 |  2.0
Fighting       | 2 |  2.7
Transmutations | 3 |  3.1
Unarmed Combat | |  3.0
Spellcasting   | |  2.5

Action                   |  1- 3 |  4- 6 || total
-------------------------+-------+-------++-------
Melee: Unarmed           |   129 |    37 ||   166
       Tailslap          |    12 |     5 ||    17
       Kick              |     4 |     1 ||     5
       Punch             |     2 |     1 ||     3
       Headbutt          |     4 |     4 ||     8
 Cast: Beastly Appendage |     4 |     2 ||     6
  Eat: Chunk             |     3 |       ||     3
Armor: Skin              |    24 |     7 ||    31
Dodge: Dodged            |    73 |    14 ||    87
